 Dungeon Crawl Stone Soup version 0.28.0-49-g6dfe1f597d (webtiles) character file.

Game seed: 10577382234844659435

95 Zeld the Skirmisher (level 4, -3/37 HPs)
             Began as a Formicid Fighter on May 18, 2022.
             Slain by Grinder (7 damage)
             ... on level 3 of the Dungeon.
             The game lasted 00:02:33 (2551 turns).

Zeld the Skirmisher (Formicid Fighter)              Turns: 2551, Time: 00:02:34

Health: -3/37      AC:  9    Str: 23    XL:     4   Next: 97%
Magic:  4/4        EV:  9    Int:  7    God:
Gold:   64         SH:  4    Dex: 10    Spells: 3/3 levels left

rFire   . . .      SeeInvis +   a - +0 war axe
rCold   . . .      Faith    .   c - +0 buckler
rNeg    . . .      Spirit   .   b - +0 scale mail
rPois   .          Reflect  .   (helmet unavailable)
rElec   .          Harm     .   i - +1 cloak {Will+}
rCorr   .          Rampage  .   (no gloves)
Will    +....                   (no boots)
Stlth   ..........              (no amulet)
HPRegen 0.12/turn               (no ring)
MPRegen 0.09/turn               (no ring)

@: mighty
A: permanent stasis, dig shafts and tunnels, antennae 3, four strong arms
a: Dig, Shaft Self


You were on level 3 of the Dungeon.
You visited 1 branch of the dungeon, and saw 3 of its levels.

You collected 64 gold pieces.

Inventory:

Hand Weapons
 a - a +0 war axe (weapon)
Armour
 b - a +0 scale mail (worn)
 c - a +0 buckler (worn)
 i - a +1 cloak of willpower (worn)
Scrolls
 e - 2 scrolls of blinking {unknown}
 g - a scroll of teleportation {unknown}
 k - 2 scrolls of identify {unknown}
 l - a scroll of vulnerability {unknown}
Potions
 f - a potion of invisibility {unknown}
 h - 2 potions of berserk rage {unknown}
 j - 2 potions of heal wounds {unknown}


   Skills:
 * Level 4.2 Fighting
 * Level 3.0 Axes
 + Level 3.6 Armour
 + Level 1.7 Stealth
 + Level 4.0 Shields


You had 3 spell levels left.
You didn't know any spells.
Your spell library was empty.

Dungeon Overview and Level Annotations

Branches:
Dungeon (3/15)

Altars:

Annotations:
D:3 Grinder


Innate Abilities, Weirdness & Mutations

You cannot be hasted, slowed, berserked, paralysed or teleported.
You can dig through walls and to a lower floor.
You have a pair of large antennae on your head. (SInv)
Your four strong arms can wield two-handed weapons with a shield.


Message History

Grinder blinks!
Grinder hits you!
You writhe in agony.
You slash Grinder!
Grinder is heavily wounded.
Grinder barely misses you.
You closely miss Grinder.
Grinder is heavily wounded.
Grinder hits you but does no damage. Grinder gestures at you.
Your stasis prevents you from being paralysed.
You closely miss Grinder.
Grinder is heavily wounded.
Grinder hits you.
You writhe in agony.
You are too injured to fight recklessly!
You are too injured to fight recklessly!
You are too injured to fight recklessly!
You are too injured to fight recklessly!
You are too injured to fight recklessly!
You are too injured to fight recklessly!
You feel very mighty all of a sudden. Grinder hits you.
You writhe in agony.
* * * LOW HITPOINT WARNING * * *
You closely miss Grinder.
Grinder is heavily wounded.
Grinder barely misses you.
Unknown command.
You barely miss Grinder.
Grinder is heavily wounded.
Grinder hits you.
* * * LOW HITPOINT WARNING * * *
You writhe in agony.
* * * LOW HITPOINT WARNING * * *
Grinder blinks!
Grinder blinks!
Unknown command.
Grinder gestures at you. You resist with almost no effort.
You hit Grinder but do no damage.
Grinder is heavily wounded.
Grinder hits you!
You die...

##############
#............#
#............#
#............###
#..............#
#..............#
#..............#
#...@5.........#
#..............#
#..............######
#..............##....
+..............##....
#.$....!.....#.##....
#.####+#######.##....
#. ####..#.... .
#..)..'....


You could see Grinder.

Vanquished Creatures
  3 adders (D:2)
  2 worms (D:2)
  3 dart slugs (D:1)
  4 bats
  8 endoplasms
  3 giant cockroaches
  2 goblins
  5 hobgoblins (D:1)
  4 jackals (D:1)
  A quokka (D:1)
  3 ball pythons (D:1)
  3 frilled lizards
  5 kobolds
  7 rats
53 creatures vanquished.

Vanquished Creatures (others)
  3 plants (D:2)
3 creatures vanquished.

Grand Total: 56 creatures vanquished

Notes
Turn   | Place    | Note
-------+----------+-------------------------------------------
     0 | D:1      | Zeld the Formicid Fighter began the quest for the Orb.
     0 | D:1      | Reached XP level 1. HP: 18/18 MP: 1/1
   227 | D:1      | Reached XP level 2. HP: 17/24 MP: 2/2
   511 | D:1      | Reached XP level 3. HP: 28/29 MP: 3/3
   579 | D:1      | Reached skill level 1 in Stealth
  1386 | D:2      | Reached XP level 4. HP: 35/37 MP: 4/4
  2313 | D:2      | Found a faded altar of an unknown god.
  2536 | D:3      | Noticed Grinder
  2551 | D:3      | Slain by Grinder

Illustrated notes

Levels and vault maps discovered:
D:1:      matt_arrival_grand_opening, layout_basic
D:2:      layout_loops_cross, shapermc_ecumenical_altar_ellora,
          serial_bayou_lake_a
D:3:      layout_basic, tso_altar, grunt_ministairs_14, uniq_grinder,
          uniq_terence, uniq_jessica

Skill      XL: |  1  2  3  4 |
---------------+-------------+-----
Stealth        | 1 |  1.7
Fighting       | 4 |  4.2
Axes           | 3 |  3.0
Shields        | 4 |  4.0
Armour         | |  3.6

Action                   |  1- 3 |  4- 6 || total
-------------------------+-------+-------++-------
Melee: War axe           |    98 |    77 ||   175
  Use: Potion            |       |     1 ||     1
Armor: Scale mail        |    47 |    40 ||    87
Dodge: Dodged            |    58 |    33 ||    91
Block: Buckler           |    26 |    16 ||    42
